 Dungeon Crawl Stone Soup version 0.23-a0-577-g2b1de94 (webtiles) character file.

22026 tatocazan the Martial Artist (level 12, -4/92 HPs)
             Began as a Gnoll Transmuter on Dec 14, 2018.
             Was an Elder of Yredelemnul.
             Slain by a death yak (22 damage)
             ... on level 3 of the Lair of Beasts.
             The game lasted 00:37:25 (23352 turns).

tatocazan the Martial Artist (Gnoll Transmuter)    Turns: 23352, Time: 00:37:26

Health: -4/92      AC:  6    Str: 14    XL:     12   Next: 96%
Magic:  15/25      EV: 18    Int: 28    God:    Yredelemnul [****..]
Gold:   822        SH:  0    Dex: 16    Spells: 12/29 levels left

rFire    + . .     SeeInvis .   y - +7 dagger of the Gloaming {flame, rF+}
rCold    . . .     Gourm    .   (no shield)
rNeg     . . .     Faith    .   W - +0 robe of Sunlight {Int+5}
rPois    .         Spirit   .   (no helmet)
rElec    .         Reflect  .   (no cloak)
rCorr    .         Harm     .   h - +0 pair of gloves
MR       .....                  D - +1 pair of boots
Stlth    ++++......             (no amulet)
HPRegen  0.25/turn              i - +4 ring of intelligence
MPRegen  0.19/turn              (no ring)

@: studying Crossbows
A: distributed training, fangs 1, strong nose
a: Recall Undead Slaves, Injury Mirror, Animate Dead, Drain Life, Renounce
Religion


You were on level 3 of the Lair of Beasts.
You worshipped Yredelemnul.
Yredelemnul was greatly pleased with you.
You were not hungry.

You visited 2 branches of the dungeon, and saw 14 of its levels.

You collected 975 gold pieces.
You spent 153 gold pieces at shops.

Inventory:

Hand Weapons
 f - a +0 dagger
 l - a +0 vampiric hand axe
 s - a +4 hunting sling
 x - a +2 morningstar of venom
 y - the +7 dagger of the Gloaming (weapon) {flame, rF+}
   (You found it on level 4 of the Dungeon)

   It has been specially enchanted to burn those struck by it, causing extra
   injury to most foes and up to half again as much damage against particularly
   susceptible opponents.
   It protects you from fire.
 G - the +5 spear of Obreim {speed, rN+ Dex+4}
   (You took it off a crimson imp on level 6 of the Dungeon)

   Attacks with this weapon are significantly faster.
   It affects your dexterity (+4).
   It protects you from negative energy.
Missiles
 a - 447 arrows
 q - 6 javelins (quivered)
Armour
 b - a +0 robe
 h - a +0 pair of gloves (worn)
 D - a +1 pair of boots (worn)
 I - a +0 leather armour
 P - a +0 troll leather armour
 W - the +0 robe of Sunlight (worn) {Int+5}
   (You took it off a kobold on level 11 of the Dungeon)

   It affects your intelligence (+5).
 Y - a scarf of repulsion
Magical Staves
 C - an uncursed staff of poison {unknown}
Jewellery
 i - a +4 ring of intelligence (left hand)
 w - an uncursed amulet of rage
 V - an uncursed amulet of regeneration {unknown}
 X - an uncursed ring of ice
Wands
 t - a wand of clouds (4)
 z - a wand of polymorph (7)
 N - a wand of disintegration (17)
 R - a wand of acid (12)
Scrolls
 c - 2 scrolls of noise {unknown}
 e - 9 scrolls of teleportation
 g - 3 scrolls of immolation
 j - 3 scrolls of amnesia
 k - 6 scrolls of remove curse
 n - 6 scrolls of magic mapping
 p - 2 scrolls of fear {unknown}
 u - 5 scrolls of enchant weapon
 v - 2 scrolls of fog {unknown}
 A - 4 scrolls of blinking {unknown}
 L - a scroll of enchant armour {unknown}
 T - 2 scrolls of identify
 U - a scroll of silence {unknown}
Potions
 m - 2 potions of cancellation
 o - 3 potions of agility
 r - a potion of berserk rage
 B - 3 potions of magic
 E - 6 potions of curing
 F - 4 potions of brilliance
 H - 3 potions of lignification
 K - a potion of invisibility
 M - 3 potions of haste
 O - a potion of flight
 Q - a potion of resistance
 S - a potion of might
Books
 J - a manual of Crossbows
Comestibles
 d - 27 rations
 Z - a chunk of flesh


   Skills:
 + Level 8.1 Fighting
 + Level 7.6 Short Blades
 + Level 7.6 Long Blades
 + Level 7.6 Axes
 + Level 7.6 Maces & Flails
 + Level 7.6 Polearms
 + Level 7.6 Staves
 + Level 7.6 Slings
 + Level 7.6 Bows
 + Level 9.9 Crossbows
 + Level 7.6 Throwing
 + Level 7.6 Armour
 + Level 9.0 Dodging
 + Level 7.6 Stealth
 + Level 7.6 Shields
 + Level 10.1 Unarmed Combat
 + Level 9.2 Spellcasting
 + Level 6.3 Conjurations
 + Level 6.3 Hexes
 + Level 6.3 Charms
 + Level 6.3 Summonings
 + Level 6.3 Necromancy
 + Level 6.3 Translocations
 + Level 7.5 Transmutations
 + Level 6.3 Fire Magic
 + Level 6.3 Ice Magic
 + Level 6.3 Air Magic
 + Level 6.3 Earth Magic
 + Level 6.3 Poison Magic
 + Level 8.4 Invocations
 + Level 7.6 Evocations


You had 12 spell levels left.
You knew the following spells:

 Your Spells              Type           Power        Failure   Level  Hunger
a - Beastly Appendage     Tmut           ######       1%          1    None
b - Sticks to Snakes      Tmut           ######..     1%          2    None
c - Spider Form           Tmut/Pois      ######....   1%          3    None
d - Swiftness             Chrm/Air       #####...     1%          2    None
e - Ice Form              Ice/Tmut       ######..     2%          4    None
f - Blade Hands           Tmut           ######....   5%          5    ####...

Your spell library contained the following spells:

 Spells                   Type           Power        Failure   Level  Hunger
 Animate Skeleton         Necr           N/A          1%          1    None
 Apportation              Tloc           #####.       1%          1    None
 Confusing Touch          Hex            #####.       1%          1    None
 Shock                    Conj/Air       ####         1%          1    None
 Summon Small Mammal      Summ           ####         1%          1    None
 Confuse                  Hex            #####...     1%          3    None
 Gell's Gravitas          Tloc           #####.....   1%          3    None
 Static Discharge         Conj/Air       #####...     1%          3    None
 Petrify                  Tmut/Erth      ######..     2%          4    None
 Airstrike                Air            #####.....   3%          4    None
 Summon Lightning Spire   Summ/Air       #####...     3%          4    None
 Yara's Violent Unravell  Hex/Tmut       ######....   7%          5    ####...
 Lightning Bolt           Conj/Air       #####.....   9%          5    ####...
 Metabolic Englaciation   Hex/Ice        #####.....   9%          5    ####...
 Silence                  Hex/Air        #####.....   9%          5    ####...
 Conjure Ball Lightning   Conj/Air       #####.....   43%         6    #####..
 Deflect Missiles         Chrm/Air       #####.....   43%         6    #####..
 Tornado                  Air            #####.....   100%        9    #######


Dungeon Overview and Level Annotations

Branches:
Dungeon (11/15)            Temple (0/1) D:7            Lair (3/6) D:10
 Spider (0/4) Lair:3          Orc (0/2) D:11
  Swamp: Lair:2-4    Shoals: Lair:2-4

Altars:
Fedhas
Gozag
Kikubaaqudgha
Nemelex Xobeh
Okawaru
Qazlal
Ru
Yredelemnul

Shops:
D:8 :   D:11 *

Annotations:
D:10 3 runed doors, whatisthis's ghost, journeyman DrFE


Innate Abilities, Weirdness & Mutations

Your experience applies equally to all skills.
You have very sharp teeth.
Your uncanny sense of smell can sniff out nearby items.


Message History

You slice the death yak!!
The death yak is heavily wounded.
The death yak gores you but does no damage.
The death yak closely misses you.
You slash the death yak!
The death yak is severely wounded.
The death yak gores you!! The death yak closely misses you.
The death yak misses you.
You take 22 damage, and have 41/92 hp.
MASSIVE DAMAGE!!
You slash the death yak!
The death yak is severely wounded.
Your hands revert to their normal proportions.
The +7 dagger of the Gloaming {flame, rF+} unmelds from your body.
Your +0 pair of gloves unmelds from your body.
The +7 dagger of the Gloaming {flame, rF+} bursts into flame!
The death yak gores you!!
* * * LOW HITPOINT WARNING * * *
The death yak gores you!!
You die...
Your body rises from the dead as a mindless zombie.

. ..##### .......######
........#Y#.# ####.
#...Y@.#...... ##.
####.Y..#... #...
#.###....... ##...
##.P........ #....#.
#####..........
#.....####........w..###
#..............###..#
#.##......##P### ..#
#.##...####### ...


You could see 3 death yaks and a tyrant leech.

Vanquished Creatures
  Erolcha (D:11)
  3 two-headed ogres
  A death yak (Lair:3)
  Sonja (D:10)
  An ugly thing (D:11)
  A cyclops (D:11)
  A centaur skeleton (D:9)
  A spiny frog (Lair:1)
  A komodo dragon (Lair:2)
  A queen bee (Lair:2)
  2 trolls
  Grinder (D:5)
  4 hippogriffs
  2 dream sheep (D:8)
  A shadow (D:11)
  9 yaks
  3 wyverns
  A hungry ghost (D:8)
  A steam dragon (D:10)
  Menkaure (D:4)
  3 water moccasins
  Duvessa (D:5)
  5 porcupines
  7 orc warriors
  An eye of draining (D:8)
  2 ice beasts
  A sky beast (D:7)
  6 ogres
  3 phantoms
  3 black bears
  12 centaurs
  3 crocodiles
  2 wolves (Lair:1)
  5 big kobolds
  Dowan (D:5)
  7 bullfrogs
  A scorpion (D:9)
  2 water moccasin skeletons
  25 killer bees
  8 crimson imps
  3 howler monkeys (D:8)
  9 hounds
  8 jellies
  7 orc wizards
  8 orc priests
  7 bullfrog skeletons
  Ijyb (D:4)
  4 iguanas
  10 worker ants
  A killer bee zombie (D:6)
  3 hound skeletons
  9 adders
  A gnoll (D:5)
  3 adder zombies
  4 adder skeletons
  7 worms
  4 dart slugs
  4 leopard geckos
  37 orcs
  4 ball pythons
  8 bats
  3 giant cockroaches (D:1)
  8 goblins
  5 hobgoblins
  5 jackals
  22 kobolds
  4 quokkas
  A ball python skeleton (D:5)
  6 frilled lizards
  A jackal zombie (D:6)
  8 rats
340 creatures vanquished.

Vanquished Creatures (collateral kills)
  Fannar (Lair:2)
  A hydra (D:8)
  A two-headed ogre (D:9)
  Urug (D:11)
  An ugly thing (D:11)
  A spiny frog (Lair:1)
  2 komodo dragons (Lair:2)
  2 hippogriffs (Lair:2)
  4 blink frogs (Lair:2)
  A hornet (D:11)
  A yak (Lair:3)
  A hungry ghost (D:10)
  A basilisk (Lair:2)
  2 water moccasins
  An ice beast (D:11)
  4 centaurs (D:11)
  2 wolves (Lair:1)
  A crocodile (Lair:2)
  2 bullfrogs (Lair:2)
  12 killer bees
  A howler monkey (D:10)
  A bullfrog zombie (D:9)
  6 orcs
  A kobold (D:9)
  A butterfly (Lair:2)
52 creatures vanquished.

Vanquished Creatures (others)
  An ugly thing zombie (D:11)
  8 flying skulls
  An elf skeleton (Lair:2)
  A hippogriff zombie (D:11)
  A water moccasin zombie (D:11)
  An orc wizard (D:11)
  3 killer bee zombies
  A big kobold zombie (D:11)
  A hound zombie (D:11)
  A mummy (Lair:3)
  2 howler monkey zombies (D:8)
  4 kobold zombies (D:11)
  3 orc zombies (D:11)
  A fungus (Lair:2)
  A plant (Lair:2)
30 creatures vanquished.

Grand Total: 422 creatures vanquished

Notes
Turn   | Place    | Note
-------+----------+-------------------------------------------
     0 | D:1      | tatocazan the Gnoll Transmuter began the quest for the Orb.
     0 | D:1      | Reached XP level 1. HP: 17/17 MP: 6/6
    90 | D:1      | Reached XP level 2. HP: 19/23 MP: 5/7
   500 | D:1      | Reached XP level 3. HP: 23/28 MP: 9/9
   556 | D:1      | Learned a level 2 spell: Sticks to Snakes
   560 | D:1      | Learned a level 3 spell: Spider Form
   620 | D:1      | Reached skill level 5 in Spellcasting
   903 | D:2      | Reached skill level 1 in Invocations
  1129 | D:2      | Reached skill level 1 in Short Blades
  1129 | D:2      | Reached skill level 1 in Long Blades
  1129 | D:2      | Reached skill level 1 in Axes
  1129 | D:2      | Reached skill level 1 in Maces & Flails
  1129 | D:2      | Reached skill level 1 in Polearms
  1129 | D:2      | Reached skill level 1 in Staves
  1129 | D:2      | Reached skill level 1 in Slings
  1129 | D:2      | Reached skill level 1 in Bows
  1129 | D:2      | Reached skill level 1 in Crossbows
  1129 | D:2      | Reached skill level 1 in Throwing
  1129 | D:2      | Reached skill level 1 in Armour
  1129 | D:2      | Reached skill level 1 in Stealth
  1129 | D:2      | Reached skill level 1 in Shields
  1129 | D:2      | Reached skill level 1 in Evocations
  1231 | D:2      | Reached XP level 4. HP: 34/34 MP: 7/11
  1327 | D:2      | Found a sacrificial altar of Ru.
  1399 | D:2      | Reached skill level 1 in Conjurations
  1399 | D:2      | Reached skill level 1 in Hexes
  1399 | D:2      | Reached skill level 1 in Charms
  1399 | D:2      | Reached skill level 1 in Summonings
  1399 | D:2      | Reached skill level 1 in Necromancy
  1399 | D:2      | Reached skill level 1 in Translocations
  1399 | D:2      | Reached skill level 1 in Fire Magic
  1399 | D:2      | Reached skill level 1 in Ice Magic
  1399 | D:2      | Reached skill level 1 in Air Magic
  1399 | D:2      | Reached skill level 1 in Earth Magic
  1399 | D:2      | Reached skill level 1 in Poison Magic
  2169 | D:3      | Reached XP level 5. HP: 30/40 MP: 12/12
  3220 | D:4      | Noticed Menkaure
  3230 | D:4      | Killed Menkaure
  3230 | D:4      | Reached skill level 5 in Dodging
  3230 | D:4      | Reached XP level 6. HP: 25/47 MP: 11/14
  3604 | D:4      | Got an encrusted dagger
  3605 | D:4      | Identified the +7 dagger of the Gloaming {flame, rF+} (You
                  | found it on level 4 of the Dungeon)
  3615 | D:4      | Found a basalt altar of Yredelemnul.
  3634 | D:4      | HP: 2/47 [something/magic dart (8)]
  3673 | D:4      | Reached XP level 7. HP: 14/52 MP: 12/15
  4344 | D:4      | Noticed Ijyb
  4353 | D:4      | Killed Ijyb
  4494 | D:4      | Reached skill level 7 in Unarmed Combat
  4504 | D:4      | Became a worshipper of Yredelemnul the Dark
  5138 | D:5      | Entered Level 5 of the Dungeon
  5374 | D:5      | Noticed Grinder
  5386 | D:5      | Killed Grinder
  5386 | D:5      | Reached XP level 8. HP: 58/60 MP: 13/16
  5456 | D:5      | Noticed Duvessa
  5459 | D:5      | Noticed Dowan
  5477 | D:5      | Killed Duvessa
  5482 | D:5      | Killed Dowan
  6926 | D:6      | Found an ancient bone altar of Kikubaaqudgha.
  7513 | D:6      | Reached XP level 9. HP: 39/66 MP: 18/18
  7978 | D:6      | Found an opulent altar of Gozag.
  7984 | D:6      | Reached skill level 5 in Transmutations
  8804 | D:6      | Identified the +5 spear of Obreim {speed, rN+ Dex+4}
  8832 | D:6      | Reached * piety under Yredelemnul
  9079 | D:7      | Found a staircase to the Ecumenical Temple.
  9763 | D:7      | Reached skill level 5 in Fighting
 10127 | D:6      | Learned a level 2 spell: Swiftness
 10461 | D:8      | Found a stormy altar of Qazlal.
 10461 | D:8      | Found a blossoming altar of Fedhas.
 10470 | D:8      | Reached skill level 8 in Unarmed Combat
 10606 | D:8      | Reached skill level 5 in Invocations
 10607 | D:8      | Reached ** piety under Yredelemnul
 10820 | D:8      | Reached skill level 5 in Crossbows
 10880 | D:8      | Found Keto Dua's Book Boutique.
 10892 | D:8      | Reached XP level 10. HP: 74/74 MP: 17/20
 10929 | D:8      | Found an iron altar of Okawaru.
 11251 | D:8      | Reached skill level 5 in Short Blades
 11251 | D:8      | Reached skill level 5 in Long Blades
 11251 | D:8      | Reached skill level 5 in Axes
 11251 | D:8      | Reached skill level 5 in Maces & Flails
 11251 | D:8      | Reached skill level 5 in Polearms
 11251 | D:8      | Reached skill level 5 in Staves
 11251 | D:8      | Reached skill level 5 in Slings
 11251 | D:8      | Reached skill level 5 in Bows
 11251 | D:8      | Reached skill level 5 in Throwing
 11251 | D:8      | Reached skill level 5 in Armour
 11251 | D:8      | Reached skill level 5 in Stealth
 11251 | D:8      | Reached skill level 5 in Shields
 11251 | D:8      | Reached skill level 5 in Evocations
 11433 | D:8      | Noticed a two-headed hydra
 11448 | D:8      | Killed a two-headed hydra
 11766 | D:8      | Learned a level 4 spell: Ice Form
 11937 | D:8      | Noticed a two-headed ogre
 11947 | D:8      | Killed a two-headed ogre
 12095 | D:8      | Found a sparkling altar of Nemelex Xobeh.
 12625 | D:9      | Reached *** piety under Yredelemnul
 13259 | D:9      | Noticed a two-headed ogre
 13289 | D:9      | Killed a two-headed ogre
 13289 | D:9      | Reached XP level 11. HP: 82/82 MP: 12/22
 13325 | D:9      | Noticed a two-headed ogre
 13343 | D:9      | Killed a two-headed ogre
 14214 | D:9      | Reached skill level 9 in Unarmed Combat
 15076 | D:10     | Entered Level 10 of the Dungeon
 15095 | D:10     | Reached skill level 5 in Conjurations
 15095 | D:10     | Reached skill level 5 in Hexes
 15095 | D:10     | Reached skill level 5 in Charms
 15095 | D:10     | Reached skill level 5 in Summonings
 15095 | D:10     | Reached skill level 5 in Necromancy
 15095 | D:10     | Reached skill level 5 in Translocations
 15095 | D:10     | Reached skill level 5 in Fire Magic
 15095 | D:10     | Reached skill level 5 in Ice Magic
 15095 | D:10     | Reached skill level 5 in Air Magic
 15095 | D:10     | Reached skill level 5 in Earth Magic
 15095 | D:10     | Reached skill level 5 in Poison Magic
 15131 | D:10     | Noticed a two-headed ogre
 15214 | D:10     | Killed a two-headed ogre
 15353 | D:10     | Noticed Sonja
 15368 | D:10     | Killed Sonja
 15537 | D:10     | Reached **** piety under Yredelemnul
 16521 | D:10     | Found a staircase to the Lair.
 16523 | D:10     | Found a runed gate.
 16523 | D:10     | Found a runed gate.
 16526 | D:10     | Found a runed gate.
 16529 | D:10     | Noticed whatisthis's ghost (journeyman DrFE)
 16821 | D:11     | Found a staircase to the Orcish Mines.
 17098 | D:11     | Noticed a brown ugly thing
 17114 | D:11     | Killed a brown ugly thing
 17122 | D:11     | Identified the +0 robe of Sunlight {Int+5}
 17215 | D:11     | Noticed a cyclops
 17285 | D:11     | Killed a cyclops
 17533 | D:11     | Found Miubofej's General Store.
 17540 | D:11     | Bought a potion of curing for 51 gold pieces
 17540 | D:11     | Bought a potion of agility for 68 gold pieces
 17540 | D:11     | Bought a scroll of identify for 34 gold pieces
 17818 | D:11     | Reached XP level 12. HP: 91/91 MP: 17/24
 17821 | D:11     | Received a gift from Yredelemnul (2 flying skulls)
 17998 | D:11     | Noticed Urug
 18047 | D:11     | Killed Urug
 18609 | D:11     | Noticed Erolcha
 18618 | D:11     | Killed Erolcha
 19385 | Lair:1   | Entered Level 1 of the Lair of Beasts
 19565 | Lair:1   | Received a gift from Yredelemnul (4 flying skulls)
 20434 | Lair:2   | Noticed Fannar
 20445 | Lair:2   | Killed Fannar
 20931 | Lair:2   | Your ally Fannar died
 21454 | Lair:2   | Received a gift from Yredelemnul (2 flying skulls)
 22300 | Lair:2   | Received a gift from Yredelemnul (a mummy)
 22440 | Lair:2   | Reached skill level 10 in Unarmed Combat
 22754 | Lair:3   | Found a hole to the Spider Nest.
 23163 | Lair:3   | Learned a level 5 spell: Blade Hands
 23319 | Lair:3   | Noticed a death yak
 23321 | Lair:3   | Noticed a death yak
 23322 | Lair:3   | Noticed a death yak
 23330 | Lair:3   | Noticed a death yak
 23349 | Lair:3   | Killed a death yak
 23352 | Lair:3   | Slain by a death yak

Vault maps used:
D:1:      scummos_arrival_gate, minmay_split_cup_small
D:2:      nicolae_ru_awakened_eye, first_ration
D:4:      minmay_spotlight, overflow_temple_1_default, serial_corexii_hall,
          corexii_hall_statues_s, corexii_hall_statues_x, uniq_ijyb,
          uniq_menkaure
D:5:      cheibrodos_gnoll_hut, uniq_grinder, uniq_duvessa
D:6:      kiku_gazebo_garden_becter, lemuel_coloured_pillars_altar
D:7:      minmay_temple_entry_antechambers, chequers_avenue, minmay_manual_moon
D:8:      grunt_temple_overflow_forces_of_nature, kennysheep_mini_moat,
          serial_shops, nicolae_shop_competitors_out_of_business,
          hangedman_ranch, okawaru_trees_2
D:9:      kennysheep_path_1
D:10:     lair_entry_dummy, gammafunk_ghost_spectres, uniq_sonja
D:11:     orc_0_dummy, serial_shops, shop, st_stairs_13, uniq_erolcha, uniq_urug
Lair:1:   lemuel_fruit_tree, grunt_megastairs_2
Lair:2:   special_room, infiniplex_staircase_pool_2, lemuel_fruit_fields,
          uniq_fannar
Lair:3:   minmay_swamp_entry_worms, spider_nest_entry_web_field,
          zaba_antful_of_joy, grunt_megastairs_3, infiniplex_staircase_pool,
          uniq_snorg

Skill      XL: |  1  2  3  4  5  6  7  8  9 10 11 12 |
---------------+-------------------------------------+-----
Spellcasting   | 5 6 7 8 9 |  9.2
Invocations    | 1 2 3 4 5 6 7 8 |  8.4
Short Blades   | 1 2 3 4 5 6 7 |  7.6
Long Blades    | 1 2 3 4 5 6 7 |  7.6
Axes           | 1 2 3 4 5 6 7 |  7.6
Maces & Flails | 1 2 3 4 5 6 7 |  7.6
Polearms       | 1 2 3 4 5 6 7 |  7.6
Staves         | 1 2 3 4 5 6 7 |  7.6
Slings         | 1 2 3 4 5 6 7 |  7.6
Bows           | 1 2 3 4 5 6 7 |  7.6
Crossbows      | 1 2 3 5 7 8 9 |  9.9
Throwing       | 1 2 3 4 5 6 7 |  7.6
Armour         | 1 2 3 4 5 6 7 |  7.6
Stealth        | 1 2 3 4 5 6 7 |  7.6
Shields        | 1 2 3 4 5 6 7 |  7.6
Evocations     | 1 2 3 4 5 6 7 |  7.6
Conjurations   | 1 2 3 4 5 6 |  6.3
Hexes          | 1 2 3 4 5 6 |  6.3
Charms         | 1 2 3 4 5 6 |  6.3
Summonings     | 1 2 3 4 5 6 |  6.3
Necromancy     | 1 2 3 4 5 6 |  6.3
Translocations | 1 2 3 4 5 6 |  6.3
Fire Magic     | 1 2 3 4 5 6 |  6.3
Ice Magic      | 1 2 3 4 5 6 |  6.3
Air Magic      | 1 2 3 4 5 6 |  6.3
Earth Magic    | 1 2 3 4 5 6 |  6.3
Poison Magic   | 1 2 3 4 5 6 |  6.3
Fighting       | 3 4 5 6 7 8 |  8.1
Transmutations | 4 5 6 7 |  7.5
Dodging        | 5 6 7 8 9 |  9.0
Unarmed Combat | 7 8 9 10 | 10.1

Action                   |  1- 3 |  4- 6 |  7- 9 | 10-12 || total
-------------------------+-------+-------+-------+-------++-------
Melee: Unarmed           |   103 |   101 |   218 |   477 ||   899
       Bite              |     2 |       |    14 |    13 ||    29
       Headbutt          |     6 |       |       |     4 ||    10
       Punch             |     1 |     2 |     6 |     7 ||    16
       Dagger            |       |    22 |    90 |   141 ||   253
       Morningstar       |       |     4 |       |       ||     4
 Cast: Beastly Appendage |     7 |     1 |     2 |     1 ||    11
       Spider Form       |     9 |    15 |    27 |    26 ||    77
       Sticks to Snakes  |       |       |     5 |    44 ||    49
       Ice Form          |       |       |       |    24 ||    24
       Swiftness         |       |       |       |     2 ||     2
       Blade Hands       |       |       |       |     3 ||     3
Invok: Animate Remains   |       |       |       |     4 ||     4
       Recall Undead Sla |       |       |       |     8 ||     8
       Animate Dead      |       |       |       |    11 ||    11
       Drain Life        |       |       |       |     1 ||     1
       Injury Mirror     |       |       |       |     2 ||     2
Evoke: Wand              |       |       |       |     7 ||     7
  Use: Potion            |       |     5 |     2 |     5 ||    12
       Scroll            |       |       |       |    16 ||    16
 Stab: Sleeping          |     2 |       |     8 |    13 ||    23
       Distracted        |       |     1 |       |     4 ||     5
  Eat: Chunk             |     2 |     6 |    12 |    15 ||    35
       Ration            |       |     1 |     3 |     9 ||    13
Armor: Robe              |    15 |     4 |     8 |     1 ||    28
       Skin              |       |    20 |    14 |    45 ||    79
       Leather armour    |       |       |     1 |     9 ||    10
       Troll leather arm |       |       |       |     8 ||     8
Dodge: Dodged            |    92 |    96 |   269 |   580 ||  1037

Table legend:
 A = Non-vault XP
 B = Vault XP
 C = Vault XP percentage of total XP
 D = Non-vault monster count
 E = Vault monster count
 F = Vault count percentage of total count
                 A         B        C        D         E       F
            +---------+---------+-------+---------+---------+-------
      Total |   22704 |    8762 |  27.8 |     325 |      66 |  16.9
            +---------+---------+-------+---------+---------+-------
        D:1 |      49 |       5 |   9.3 |      26 |       3 |  10.3
        D:2 |      85 |       0 |   0.0 |      21 |       0 |   0.0
        D:3 |     129 |       0 |   0.0 |      18 |       0 |   0.0
        D:4 |     342 |     293 |  46.1 |      19 |       6 |  24.0
        D:5 |     424 |     589 |  58.1 |      12 |       6 |  33.3
        D:6 |     898 |       0 |   0.0 |      22 |       0 |   0.0
        D:7 |     659 |      75 |  10.2 |      17 |       3 |  15.0
        D:8 |    2719 |    1767 |  39.4 |      31 |       8 |  20.5
        D:9 |    3708 |       0 |   0.0 |      37 |       0 |   0.0
       D:10 |    3208 |     835 |  20.7 |      34 |       1 |   2.9
       D:11 |    4347 |    1755 |  28.8 |      53 |       4 |   7.0
     Lair:1 |     930 |     710 |  43.3 |       6 |       7 |  53.8
     Lair:2 |    2820 |    2483 |  46.8 |      19 |      27 |  58.7
     Lair:3 |    2386 |     250 |   9.5 |      10 |       1 |   9.1
            +---------+---------+-------+---------+---------+-------
